 Dungeon Crawl Stone Soup version 0.31-a0-466-g98c9adc2b6 (webtiles) character file.

Game seed: 4071240833954004160

130 Vomitron the Gusty (level 5, 0/44 HPs)
             Began as an Ogre Air Elementalist on Aug 5, 2023.
             Was a Believer of Hepliaklqana.
             Slain by Menkaure (2 damage)
             ... on level 4 of the Dungeon.
             The game lasted 00:07:48 (3418 turns).

Vomitron the Gusty (Ogre Air Elementalist)          Turns: 3418, Time: 00:07:49

Health: 0/44       AC:  3    Str: 12    XL:     5   Next: 14%
Magic:  1/10       EV:  9    Int: 18    God:    Hepliaklqana [**....]
Gold:   135        SH:  0    Dex:  9    Spells: 7/10 levels left

rFire   . . .        l - +0 mace
rCold   . . .        (no shield)
rNeg    . . .        a - +0 robe
rPois   .            (helmet restricted)
rElec   .            (no cloak)
rCorr   +            (gloves unavailable)
SInv    .            (boots unavailable)
Will    .....        (no amulet)
Stlth   +            k - ring of resist corrosion
HPRegen 0.27/turn    (no ring)
MPRegen 0.12/turn

%: no passive effects
@: mighty, very slightly contaminated
A: reduced essence, large, unfitting armour, tough skin 1
a: Renounce Religion, Recall Ancestor, Ancestor Identity


You were on level 4 of the Dungeon.
You worshipped Hepliaklqana.
Hepliaklqana was pleased with you.
You visited 1 branch of the dungeon, and saw 4 of its levels.

You collected 135 gold pieces.

Inventory:

Hand Weapons
 i - a +0 dagger
 j - a +0 great sword
 l - a +0 mace (weapon)
Missiles
 g - 10 poisoned darts
Armour
 a - a +0 robe (worn)
Jewellery
 k - a ring of resist corrosion (left hand)
Scrolls
 c - 3 scrolls of teleportation {unknown}
 d - 5 scrolls of identify {unknown}
 f - 4 scrolls of poison {unknown}
 h - a scroll of amnesia {unknown}
 o - a scroll of enchant weapon {unknown}
 s - a scroll of noise {unknown}
 t - a scroll of vulnerability {unknown}
Potions
 m - a potion of berserk rage {unknown}
 n - a potion of heal wounds {unknown}
 p - a potion of attraction {unknown}
 q - a potion of degeneration {unknown}
 r - a potion of haste {unknown}


   Skills:
 - Level 2.0 Fighting
 - Level 1.7 Dodging
 - Level 1.4 Stealth
 + Level 3.3 Spellcasting
 + Level 2.0 Conjurations
 * Level 3.9 Air Magic


You had 7 spell levels left.
You knew the following spells:

 Your Spells              Type           Power      Damage    Failure   Level
a - Shock                 Conj/Air       52%        1d6       4%          1
b - Static Discharge      Conj/Air       26%        2-4/arc   7%          2

Your spell library contained the following spells:

 Spells                   Type           Power      Damage    Failure   Level
 Swiftness                Air            17%        N/A       10%         3
 Blink                    Tloc           6%         N/A       24%         2
 Wereblood                Tmut           3%         N/A       24%         2
 Airstrike                Air            8%         2d(2-18)  30%         4
 Tukima's Dance           Hex            3%         N/A       43%         3
 Manifold Assault         Tloc           3%         N/A       83%         4
 Passage of Golubria      Tloc           3%         N/A       83%         4
 Irradiate                Conj/Tmut      3%         3d12      96%         5
 Yara's Violent Unravell  Hex/Tmut       1%         3d3       99%         5


Dungeon Overview and Level Annotations

Branches:
Dungeon (4/15)
 Temple: D:4-7

Altars:
Hepliaklqana
Okawaru

Shops:
D:2 [

Annotations:
D:4 Blork the orc, Menkaure, Pikel, Robin


Innate Abilities, Weirdness & Mutations

Your life essence is reduced to manifest your ancestor. (-10% HP)
You are too large for most types of armour.
You have tough skin. (AC +1)


Message History

Qitarah blocks Menkaure's attack.
The giant cockroach bites you but does no damage.
The goblin shoots a sling bullet.
The sling bullet misses you.
The sling bullet hits the giant cockroach.
Robin hits you with a +0 spear.
* * * LOW HITPOINT WARNING * * *
The goblin closely misses you.
Unknown command.
Unknown command.
Unknown command.
Casting: Static Discharge (safe; 7% risk of failure)
Confirm with . or Enter, or press ? or * to list all spells.
The goblin is struck by an arc of lightning.
You kill the goblin!
The goblin is struck by an arc of lightning.
You kill the goblin!
The lightning grounds out.
Qitarah avoids your attack.
Menkaure calls on the powers of darkness!
Robin convulses!
Your body is wracked with pain!
* * * LOW HITPOINT WARNING * * *
The giant cockroach closely misses you. Robin barely misses you.
Qitarah barely misses Menkaure.
Unknown command.
Unknown command.
Unknown command.
Robin attacks as you move away! Robin closely misses you.
Menkaure hits Qitarah!!
Qitarah is destroyed!
Robin hits you but does no damage.
Things that are here:
a +0 club; a +0 scale mail; a goblin corpse Unknown command.
Unknown command.
Okay, then.
It was a potion of might.
You feel very mighty all of a sudden. The giant cockroach bites you.
* * * LOW HITPOINT WARNING * * *
Menkaure hits you.
You die... #.#... .gBgg

#.#..# .g... #.#..#
...... #.... ..)...
#.#.####...... ##.....
.).#...
###....###.......
##.....[.M.)......
#......)@Bg.##....
#......)....# .
##.......)...#
#<...........#
#.#..........#
#.#..........# .
#.......#########.####
##..#...###..........#
#........##...........


You could see Menkaure (fast), Robin and a giant cockroach.

Vanquished Creatures
  3 adders (D:2)
  2 worms
  4 dart slugs
  An orc (D:3)
  7 ball pythons
  3 bats (D:1)
  5 endoplasms
  A giant cockroach (D:1)
  15 goblins
  3 hobgoblins
  4 jackals (D:1)
  2 kobolds
  A quokka (D:3)
  7 rats
58 creatures vanquished.

Vanquished Creatures (collateral kills)
  A lemure (D:3)
  2 adders (D:3)
  An endoplasm (D:2)
  4 goblins
  A hobgoblin (D:4)
  A frilled lizard (D:3)
10 creatures vanquished.

Vanquished Creatures (others)
  A knight (D:4)
1 creature vanquished.

Grand Total: 69 creatures vanquished

Notes
Turn   | Place    | Note
-------+----------+-------------------------------------------
     0 | D:1      | Vomitron the Ogre Air Elementalist began the quest for the
                  | Orb.
     0 | D:1      | Reached XP level 1. HP: 16/16 MP: 3/3
   194 | D:1      | Reached skill level 1 in Conjurations
   309 | D:1      | Reached XP level 2. HP: 26/26 MP: 3/5
   582 | D:1      | Reached skill level 1 in Fighting
   868 | D:1      | Found a faded altar of an unknown god.
   894 | D:1      | Prayed at the altar of an unknown god.
   894 | D:1      | Became a worshipper of Hepliaklqana the Forgotten
   894 | D:1      | Reached * piety under Hepliaklqana
   930 | D:2      | Upgraded the game from 0.31-a0-460-g9e667d4245 to
                  | 0.31-a0-466-g98c9adc2b6
   961 | D:2      | Reached XP level 3. HP: 29/29 MP: 0/7
  1126 | D:2      | Learned a level 2 spell: Static Discharge
  1615 | D:2      | Found an iron altar of Okawaru.
  1648 | D:2      | Found Orinod's Armour Shoppe.
  1999 | D:2      | Reached XP level 4. HP: 26/37 MP: 1/8
  2245 | D:3      | Reached ** piety under Hepliaklqana
  2246 | D:3      | Remembered your ancestor Qitarah as a knight
  3239 | D:4      | Noticed Pikel
  3239 | D:4      | Noticed a lemure
  3239 | D:4      | Noticed a lemure
  3239 | D:4      | Noticed a lemure
  3239 | D:4      | Noticed a lemure
  3239 | D:4      | Noticed Menkaure
  3239 | D:4      | Noticed Blork the orc
  3249 | D:3      | Killed a lemure
  3394 | D:4      | Noticed Robin
  3396 | D:4      | Reached XP level 5. HP: 43/44 MP: 7/9
  3418 | D:4      | HP: 2/44 [giant cockroach (2)]
  3418 | D:4      | Slain by Menkaure

Illustrated notes

Levels and vault maps discovered:
D:1:      wander_arrival_estate, layout_rooms,
          hellmonk_ecumenical_altar_run_dry, minmay_unequal
D:2:      layout_basic, serial_shops, shop, basic_altar
D:3:      kennysheep_six_static_rooms, layout_basic, serial_aquarium,
          aquarium_bridge_square [aquarium_subvault_wall,
          aquarium_subvault_bridge, aquarium_subvault_window,
          aquarium_subvault_bridge], aquarium_bridge_square
          [aquarium_subvault_bridge, aquarium_subvault_wall,
          aquarium_subvault_window, aquarium_subvault_balcony],
          aquarium_window_2, aquarium_window_2, aquarium_window_1,
          aquarium_view_2d, aquarium_balcony_1b
D:4:      layout_rooms, uniq_pikel, uniq_robin, uniq_menkaure,
          uniq_blork_the_orc

Skill      XL: |  1  2  3  4 |
---------------+-------------+-----
Conjurations   | 1 2 |  2.0
Air Magic      | 3 |  3.9
Fighting       | 1 2 |  2.0
Spellcasting   | 3 |  3.3
Dodging        | |  1.7
Stealth        | |  1.4

Action                     |  1- 3 |  4- 6 || total
---------------------------+-------+-------++-------
  Melee: Unarmed           |    14 |       ||    14
         Great sword       |    33 |       ||    33
         Mace              |     9 |    11 ||    20
   Cast: Shock             |    70 |    60 ||   130
         Static Discharge  |     4 |     8 ||    12
 Invoke: Ancestor Life: Kn |       |     1 ||     1
    Use: Potion            |       |     2 ||     2
 Armour: Robe              |    28 |    13 ||    41
  Dodge: Dodged            |    50 |    18 ||    68

Table legend: (Time is in decaauts)
 A = Elapsed time spent in this place.
 B = Non-inter-level travel time spent in this place.
 C = Inter-level travel time spent in this place.
 D = Time resting spent in this place.
 E = Time spent auto-exploring this place.
 F = Levels seen in this place.
 G = Mean time per level.
                   A        B        C        D        E       F      G
               +--------+--------+--------+--------+--------+-----+--------+
         Total |   3446 |   3338 |    108 |     91 |   2791 |   4 |  861.5 |
       Dungeon |   3446 |   3338 |    108 |     91 |   2791 |   4 |  861.5 |
               +--------+--------+--------+--------+--------+-----+--------+

Top non-repeatable levels by time:
     D:2: 1319 daAuts
     D:3: 1073 daAuts
     D:1: 950 daAuts
     D:4: 103 daAuts
